 Dungeon Crawl Stone Soup version 0.21.1-1-g345015f (webtiles) character file.

196 lrcuk01 the Chopper (level 5, -4/47 HPs)
             Began as a Minotaur Berserker on Feb 12, 2018.
             Was a Believer of Trog.
             Slain by an orc
             ... wielding a +0 trident
              (6 damage)
             ... on level 3 of the Dungeon on Feb 13, 2018.
             The game lasted 00:16:16 (3256 turns).

lrcuk01 the Chopper (Minotaur Berserker)            Turns: 3256, Time: 00:16:17

Health: -4/47      AC:  2    Str: 22    XL:     5   Next: 45%
Magic:  4/4        EV: 13    Int:  4    God:    Trog [**....]
Gold:   142        SH:  0    Dex: 10    Spells: 4/4 levels left

rFire    . . .     SeeInvis .   a - +0 hand axe
rCold    . . .     Gourm    .   (no shield)
rNeg     . . .     Faith    .   b - +0 animal skin
rPois    .         Spirit   .   (helmet restricted)
rElec    .         Reflect  .   (no cloak)
rCorr    .         Harm     .   (no gloves)
MR       .....                  (no boots)
Stlth    +.........             (no amulet)
HPRegen  0.15/turn              h - ring of wizardry
MPRegen  0.09/turn              (no ring)

@: no status effects
A: retaliatory headbutt, horns 2
a: Berserk, Trog's Hand, Burn Spellbooks, Renounce Religion


You were on level 3 of the Dungeon.
You worshipped Trog.
Trog was pleased with you.
You were hungry.

You visited 1 branch of the dungeon, and saw 3 of its levels.

You collected 142 gold pieces.

Inventory:

Hand Weapons
 a - a +0 hand axe (weapon)
 d - a +0 halberd
 n - a cursed -3 mace
Missiles
 f - 4 large rocks
 j - 3 javelins (quivered)
Armour
 b - a +0 animal skin (worn)
 o - a +0 leather armour
Jewellery
 h - a ring of wizardry (left hand)
Scrolls
 e - a scroll of identify
 m - a scroll of remove curse
Potions
 g - a potion of invisibility {unknown}
Comestibles
 c - 7 rations


   Skills:
 + Level 4.8 Fighting
 + Level 5.4 Axes
 + Level 2.5 Armour
 + Level 3.7 Dodging
 + Level 1.2 Stealth


You had 4 spell levels left.
You didn't know any spells.

Dungeon Overview and Level Annotations

Branches:
Dungeon (3/15)

Altars:
Hepliaklqana
Okawaru
Ru
Sif Muna
Vehumet


Innate Abilities, Weirdness & Mutations

You reflexively headbutt those who attack you in melee.
You have a pair of horns on your head.


Message History

You kill the goblin!
Trog accepts your kill.
The orc hits you from afar with a trident.
The orc barely misses you. The orc barely misses you.
A worm comes into view.
You closely miss the orc. The orc barely misses you.
You barely miss the orc. The orc hits you with a trident!
* * * LOW HITPOINT WARNING * * *
You barely miss the orc. Your headbutt misses the orc.
The orc hits you with a trident.
* * * LOW HITPOINT WARNING * * *
The orc hits you from afar with a trident.
* * * LOW HITPOINT WARNING * * *
The orc hits you with a trident.
* * * LOW HITPOINT WARNING * * *
You hit the orc.
The orc is almost dead.
The orc hits you with a trident.
You die...

#.# #.#
#.# #.#
#.######
#..)...#
######.#
#.# #@# #
#o#.##
#....#
#...g.b.)
#w.###o..
#.## .#
#.# ..#
...


You could see a worm and an orc.

Vanquished Creatures
  Natasha (D:3)
  7 adders (D:2)
  4 gnolls (D:3)
  A worm (D:2)
  3 leopard geckos
  An orc (D:3)
  2 ball pythons
  7 bats
  7 goblins
  4 hobgoblins
  11 jackals (D:2)
  4 kobolds
  2 quokkas (D:2)
  A frilled lizard (D:2)
  9 rats
64 creatures vanquished.

Notes
Turn   | Place    | Note
-------+----------+-------------------------------------------
     0 | D:1      | lrcuk01 the Minotaur Berserker began the quest for the Orb.
     0 | D:1      | Reached XP level 1. HP: 19/19 MP: 0/0
   220 | D:1      | Reached XP level 2. HP: 26/27 MP: 1/1
   289 | D:1      | Reached skill level 4 in Axes
   788 | D:2      | Reached ** piety under Trog
  1107 | D:2      | Reached XP level 3. HP: 27/33 MP: 2/2
  1125 | D:2      | Found a hazy altar of Hepliaklqana.
  1229 | D:2      | Found an iron altar of Okawaru.
  1568 | D:2      | Reached XP level 4. HP: 25/41 MP: 3/3
  1857 | D:2      | Reached skill level 5 in Axes
  2086 | D:2      | Found a sacrificial altar of Ru.
  2087 | D:2      | Found a deep blue altar of Sif Muna.
  2097 | D:2      | Found a radiant altar of Vehumet.
  2560 | D:2      | Reached skill level 1 in Stealth
  2821 | D:3      | Reached XP level 5. HP: 34/47 MP: 4/4
  3239 | D:3      | Noticed Natasha
  3245 | D:3      | Killed Natasha
  3255 | D:3      | HP: 2/47 [orc/trident (5)]
  3256 | D:3      | Slain by an orc

Skill      XL: |  1  2  3  4 |
---------------+-------------+-----
Axes           | 4 5 |  5.4
Fighting       | 4 |  4.8
Dodging        | 3 |  3.7
Stealth        | 1 |  1.2
Armour         | |  2.5

Action                   |  1- 3 |  4- 6 || total
-------------------------+-------+-------++-------
Melee: Hand axe          |    79 |    73 ||   152
       Headbutt          |    10 |     7 ||    17
Throw: Javelin           |     1 |     1 ||     2
  Use: Scroll            |     3 |     1 ||     4
       Potion            |       |     4 ||     4
 Stab: Sleeping          |       |     1 ||     1
  Eat: Chunk             |     1 |     2 ||     3
       Ration            |       |     1 ||     1
Armor: Animal skin       |    14 |     8 ||    22
Dodge: Dodged            |    67 |    46 ||   113
